[ AOE2 MATCH · #494001550 ]
UnrankedPersians vs Byzantines
Player's team · WIN
[ REPLAY ANALYSIS · EXTRACTED FROM THE RECORDED GAME ]
Feudal
19:04
Castle
30:21
Imperial
41:00
| APM avg | 30.9 |
| APM peak | 60 |
| eAPM avg | 20.2 |
| Villagers / military | 182 / 71 |
Focus
⚔️ 27.2% · 🌾 72.8%
War Elephant ×50 · Fishing Ship ×13 · Scout Cavalry ×11 · Unknown (2626) ×11 · Demolition Raft ×7 · Monk ×1
Feudal
16:17
Castle
30:24
Imperial
45:31
| APM avg | 23.2 |
| APM peak | 48 |
| eAPM avg | 14.5 |
| Villagers / military | 80 / 98 |
Focus
⚔️ 30.7% · 🌾 69.3%
Spearman ×58 · Fishing Ship ×12 · Unknown (2626) ×11 · Camel Scout ×9 · Fire Galley ×8 · Archer ×6
Match map
Initial resources + every placement click. Lines = walls · curves = elevation contours. ◆ gold · ⬟ stone · ● berries · ✦ relic · ◌ wall gap
Your base· Open — unwalled flank
LOMBANA FC3797's base· Open — 5t gap
Smoothed initial terrain · ◌ = detected wall gap · hover for details
Inputs per minute
— Cristoram - - LOMBANA FC3797
Build order — Cristoram
First 150 of 465 actions detected
| 0:08 | Build | House |
| 0:24 | Build | Town Center |
| 0:55 | Build | Dock |
| 2:29 | Create | Villager (Male) ×5 |
| 2:29 | Create | Villager (Male) ×5 |
| 2:42 | Create | Fishing Ship |
| 3:37 | Create | Villager (Male) |
| 3:43 | Build | House |
| 4:29 | Create | Villager (Male) |
| 4:29 | Create | Villager (Male) |
| 4:38 | Create | Fishing Ship |
| 5:04 | Create | Villager (Male) |
| 5:04 | Create | Villager (Male) |
| 5:19 | Create | Villager (Male) |
| 5:19 | Create | Villager (Male) |
| 5:20 | Create | Fishing Ship |
| 5:25 | Build | House |
| 5:45 | Research | Loom |
| 5:56 | Create | Villager (Male) |
| 5:56 | Create | Villager (Male) |
| 6:09 | Create | Fishing Ship |
| 6:32 | Create | Villager (Male) |
| 6:32 | Create | Villager (Male) |
| 6:49 | Research | Loom |
| 7:11 | Create | Villager (Male) |
| 7:22 | Create | Villager (Male) |
| 8:19 | Build | Town Center |
| 8:53 | Create | Villager (Male) |
| 8:54 | Create | Villager (Male) |
| 8:54 | Create | Villager (Male) |
| 8:58 | Build | House |
| 8:59 | Create | Fishing Ship |
| 9:28 | Build | House |
| 9:40 | Create | Villager (Male) |
| 9:46 | Create | Fishing Ship |
| 10:06 | Build | House |
| 10:22 | Create | Villager (Male) |
| 10:25 | Create | Villager (Male) |
| 10:42 | Create | Fishing Ship |
| 10:46 | Build | House |
| 10:47 | Create | Villager (Male) |
| 10:55 | Build | Palisade Wall |
| 10:56 | Build | Palisade Wall |
| 10:57 | Build | Palisade Wall |
| 10:59 | Build | Palisade Wall |
| 11:24 | Create | Villager (Male) |
| 11:25 | Create | Fishing Ship |
| 11:40 | Build | Palisade Wall |
| 11:56 | Create | Villager (Male) |
| 12:18 | Create | Villager (Male) |
| 12:19 | Build | House |
| 12:25 | Create | Fishing Ship |
| 12:28 | Create | Villager (Male) |
| 13:09 | Create | Villager (Male) |
| 13:09 | Create | Villager (Male) |
| 13:10 | Create | Fishing Ship |
| 13:18 | Build | House |
| 13:47 | Build | Lumber Camp |
| 14:02 | Create | Villager (Male) |
| 14:29 | Create | Villager (Male) |
| 14:44 | Build | Palisade Wall |
| 14:50 | Create | Villager (Male) |
| 15:08 | Build | Mill |
| 15:11 | Create | Villager (Male) |
| 15:31 | Create | Villager (Male) |
| 15:47 | Create | Fishing Ship |
| 16:03 | Build | Palisade Wall |
| 16:07 | Build | Palisade Wall |
| 16:09 | Build | Palisade Wall |
| 16:10 | Build | Palisade Wall |
| 16:15 | Build | Palisade Wall |
| 16:17 | Build | Palisade Wall |
| 16:25 | Create | Villager (Male) |
| 16:34 | Build | Palisade Wall |
| 16:38 | Build | Palisade Wall |
| 16:42 | Build | Dock |
| 16:51 | Create | Villager (Male) |
| 17:00 | Research | Feudal Age |
| 17:01 | Research | Feudal Age |
| 17:05 | Build | Barracks |
| 17:14 | Build | Mining Camp |
| 18:18 | Build | House |
| 18:59 | Create | Villager (Male) |
| 19:04 | Age | Feudal Age |
| 19:06 | Build | Stable |
| 19:12 | Create | Unit 2626 |
| 19:24 | Build | House |
| 19:37 | Build | Mill |
| 19:39 | Create | Villager (Male) |
| 19:45 | Create | Scout Cavalry |
| 19:46 | Create | Scout Cavalry |
| 19:48 | Create | Villager (Male) |
| 19:50 | Build | House |
| 20:00 | Create | Unit 2626 |
| 20:15 | Build | House |
| 20:23 | Create | Scout Cavalry |
| 20:27 | Research | Double-Bit Axe |
| 20:30 | Create | Villager (Male) |
| 20:40 | Create | Villager (Male) |
| 21:02 | Create | Unit 2626 |
| 21:05 | Create | Scout Cavalry |
| 21:05 | Create | Villager (Male) |
| 21:07 | Build | House |
| 21:15 | Build | Blacksmith |
| 21:20 | Research | Horse Collar |
| 21:26 | Build | Farm |
| 21:37 | Create | Villager (Male) |
| 21:40 | Build | Farm |
| 21:50 | Create | Demolition Raft |
| 22:03 | Create | Villager (Male) |
| 22:05 | Create | Scout Cavalry |
| 22:20 | Research | Scale Barding Armor |
| 22:25 | Create | Scout Cavalry |
| 22:25 | Create | Villager (Male) |
| 22:27 | Build | Farm |
| 22:29 | Build | Farm |
| 22:33 | Create | Galley |
| 22:43 | Create | Unit 2626 |
| 22:45 | Create | Villager (Male) |
| 22:49 | Build | Dock |
| 22:55 | Build | Mining Camp |
| 22:56 | Create | Villager (Male) |
| 22:58 | Create | Scout Cavalry |
| 22:58 | Create | Scout Cavalry |
| 23:18 | Create | Villager (Male) |
| 23:25 | Build | Lumber Camp |
| 23:36 | Create | Unit 2626 |
| 23:43 | Create | Villager (Male) |
| 23:53 | Create | Scout Cavalry |
| 23:57 | Research | Forging |
| 24:12 | Create | Unit 2626 |
| 24:13 | Create | Villager (Male) |
| 24:42 | Create | Unit 2626 |
| 24:46 | Research | Tech 906 |
| 24:48 | Create | Scout Cavalry |
| 24:50 | Create | Villager (Male) |
| 25:07 | Build | House |
| 25:08 | Build | House |
| 25:08 | Build | House |
| 25:11 | Build | Mill |
| 25:16 | Create | Demolition Raft |
| 25:17 | Create | Villager (Male) |
| 25:20 | Create | Scout Cavalry |
| 25:26 | Create | Villager (Male) |
| 26:24 | Create | Villager (Male) |
| 26:33 | Create | Villager (Male) |
| 26:38 | Build | Farm |
| 26:38 | Build | Farm |
| 26:38 | Build | Farm |
| 26:38 | Build | Farm |
Build order — LOMBANA FC3797
First 150 of 316 actions detected
| 0:05 | Build | Town Center |
| 0:27 | Build | Dock |
| 0:28 | Build | House |
| 0:29 | Build | House |
| 2:23 | Research | Loom |
| 2:25 | Create | Villager (Male) |
| 2:25 | Create | Villager (Male) |
| 2:25 | Create | Villager (Male) |
| 2:28 | Create | Villager (Male) |
| 3:52 | Create | Villager (Male) |
| 3:52 | Create | Villager (Male) |
| 4:54 | Create | Villager (Male) |
| 4:55 | Create | Villager (Male) |
| 4:55 | Create | Villager (Male) |
| 5:06 | Create | Fishing Ship |
| 5:42 | Create | Villager (Male) |
| 6:01 | Create | Villager (Male) |
| 6:23 | Build | House |
| 6:24 | Create | Fishing Ship |
| 6:47 | Create | Villager (Male) |
| 6:56 | Build | House |
| 7:09 | Create | Villager (Male) |
| 7:10 | Create | Villager (Male) |
| 7:30 | Create | Fishing Ship |
| 7:30 | Create | Fishing Ship |
| 7:55 | Research | Loom |
| 8:19 | Build | Mill |
| 8:33 | Create | Villager (Male) |
| 8:34 | Create | Villager (Male) |
| 9:01 | Create | Fishing Ship |
| 9:02 | Create | Fishing Ship |
| 9:23 | Create | Villager (Male) |
| 9:49 | Build | House |
| 9:58 | Create | Villager (Male) |
| 10:02 | Create | Villager (Male) |
| 10:38 | Create | Villager (Male) |
| 10:57 | Create | Villager (Male) |
| 11:41 | Build | House |
| 11:42 | Build | House |
| 11:59 | Build | House |
| 12:00 | Build | House |
| 12:00 | Build | House |
| 13:11 | Build | Town Center |
| 14:07 | Research | Feudal Age |
| 14:58 | Build | Palisade Wall |
| 15:03 | Create | Fishing Ship |
| 15:29 | Build | Barracks |
| 15:42 | Create | Villager (Male) |
| 15:43 | Create | Villager (Male) |
| 16:17 | Age | Feudal Age |
| 16:22 | Create | Fire Galley |
| 17:04 | Build | Mining Camp |
| 17:06 | Create | Villager (Male) |
| 17:22 | Research | Tech 906 |
| 17:37 | Create | Villager (Male) |
| 17:38 | Create | Villager (Male) |
| 18:25 | Build | Archery Range |
| 18:27 | Create | Villager (Male) |
| 18:30 | Create | Villager (Male) |
| 18:36 | Create | Fire Galley |
| 18:40 | Create | Unit 2626 |
| 19:21 | Create | Fire Galley |
| 19:25 | Create | Archer |
| 19:25 | Create | Archer |
| 19:33 | Create | Villager (Male) |
| 19:33 | Create | Villager (Male) |
| 19:49 | Create | Fire Galley |
| 20:12 | Create | Archer |
| 20:12 | Create | Archer |
| 20:15 | Create | Villager (Male) |
| 20:23 | Build | Blacksmith |
| 21:03 | Create | Archer |
| 21:21 | Build | House |
| 21:21 | Build | House |
| 21:23 | Research | Fletching |
| 21:24 | Create | Villager (Male) |
| 21:25 | Create | Villager (Male) |
| 21:37 | Create | Archer |
| 21:45 | Create | Fire Galley |
| 22:08 | Create | Spearman |
| 22:13 | Create | Spearman |
| 22:28 | Create | Fire Galley |
| 22:47 | Create | Fire Galley |
| 22:51 | Build | House |
| 22:57 | Create | Spearman |
| 23:28 | Create | Villager (Male) |
| 23:38 | Create | Spearman |
| 23:40 | Create | Villager (Male) |
| 23:46 | Create | Fire Galley |
| 24:29 | Create | Spearman |
| 24:51 | Create | Villager (Male) |
| 25:03 | Build | Market |
| 25:10 | Build | Lumber Camp |
| 25:50 | Create | Demolition Raft |
| 25:51 | Create | Demolition Raft |
| 26:00 | Create | Spearman |
| 26:34 | Create | Spearman |
| 27:44 | Research | Castle Age |
| 27:48 | Create | Spearman |
| 27:49 | Create | Spearman |
| 27:49 | Create | Spearman |
| 28:44 | Create | Unit 2626 |
| 29:09 | Research | Double-Bit Axe |
| 29:29 | Build | Dock |
| 29:33 | Create | Unit 2626 |
| 29:33 | Create | Unit 2626 |
| 29:53 | Create | Spearman |
| 29:53 | Create | Spearman |
| 30:24 | Age | Castle Age |
| 30:37 | Create | Fishing Ship |
| 30:37 | Create | Fishing Ship |
| 30:45 | Create | Spearman |
| 30:45 | Create | Spearman |
| 30:48 | Create | Villager (Male) |
| 30:53 | Create | Unit 2626 |
| 31:17 | Build | Town Center |
| 31:23 | Build | Stable |
| 31:31 | Create | Fishing Ship |
| 31:38 | Research | War Galley (upgrade) |
| 31:56 | Create | Spearman |
| 31:57 | Create | Spearman |
| 32:17 | Build | Town Center |
| 32:29 | Create | Unit 2626 |
| 32:39 | Create | Camel Scout |
| 32:39 | Create | Camel Scout |
| 33:13 | Create | Spearman |
| 33:25 | Create | Camel Scout |
| 33:25 | Create | Camel Scout |
| 33:30 | Build | Siege Workshop |
| 33:32 | Create | Villager (Male) |
| 34:05 | Create | Fishing Ship |
| 34:06 | Create | Fishing Ship |
| 34:14 | Create | Unit 2626 |
| 34:17 | Create | Villager (Male) |
| 34:28 | Create | Battering Ram |
| 34:28 | Create | Battering Ram |
| 34:33 | Create | Camel Scout |
| 34:33 | Create | Camel Scout |
| 34:38 | Create | Villager (Male) |
| 34:39 | Create | Villager (Male) |
| 34:40 | Create | Villager (Male) |
| 34:46 | Build | Farm |
| 34:49 | Build | Farm |
| 34:50 | Build | Farm |
| 34:52 | Build | Farm |
| 34:55 | Build | Farm |
| 34:55 | Create | Villager (Male) |
| 35:07 | Create | Unit 2626 |
| 35:13 | Create | Battering Ram |
| 35:13 | Create | Battering Ram |
Match timeline
| 0:27 | LOMBANA FC3797 · first_building Dock |
| 0:55 | Cristoram · first_building Dock |
| 10:55 | Cristoram · wall_segment Palisade Wall x1 |
| 10:56 | Cristoram · wall_segment Palisade Wall x1 |
| 10:57 | Cristoram · wall_segment Palisade Wall x1 |
| 10:59 | Cristoram · wall_segment Palisade Wall x1 |
| 11:40 | Cristoram · wall_segment Palisade Wall x4 |
| 14:44 | Cristoram · wall_segment Palisade Wall x1 |
| 14:58 | LOMBANA FC3797 · wall_segment Palisade Wall x1 |
| 15:29 | LOMBANA FC3797 · first_building Barracks |
| 16:03 | Cristoram · wall_segment Palisade Wall x1 |
| 16:07 | Cristoram · wall_segment Palisade Wall x1 |
| 16:09 | Cristoram · wall_segment Palisade Wall x1 |
| 16:10 | Cristoram · wall_segment Palisade Wall x1 |
| 16:15 | Cristoram · wall_segment Palisade Wall x1 |
| 16:17 | LOMBANA FC3797 · age_up feudal |
| 16:17 | Cristoram · wall_segment Palisade Wall x1 |
| 16:34 | Cristoram · wall_segment Palisade Wall x1 |
| 16:38 | Cristoram · wall_segment Palisade Wall x1 |
| 17:05 | Cristoram · first_building Barracks |
| 18:25 | LOMBANA FC3797 · first_building Archery Range |
| 19:04 | Cristoram · age_up feudal |
| 19:06 | Cristoram · first_building Stable |
| 27:42 | LOMBANA FC3797 · first_market_buy 100 food |
| 30:21 | Cristoram · age_up castle |
| 30:24 | LOMBANA FC3797 · age_up castle |
| 31:01 | Cristoram · first_building Monastery |
| 31:23 | LOMBANA FC3797 · first_building Stable |
| 33:30 | LOMBANA FC3797 · first_building Siege Workshop |
| 35:39 | Cristoram · first_building Castle |
| 35:54 | LOMBANA FC3797 · first_market_sell 100 wood |
| 37:19 | Cristoram · first_market_sell 500 food |
| 37:20 | Cristoram · first_market_buy 100 stone |
| 38:27 | Cristoram · first_building Siege Workshop |
| 39:33 | LOMBANA FC3797 · first_building Monastery |
| 41:00 | Cristoram · age_up imperial |
| 45:31 | LOMBANA FC3797 · age_up imperial |
| 46:10 | LOMBANA FC3797 · first_building Castle |
| 49:33 | LOMBANA FC3797 · resign |
[ AI ANALYSIS · 1 CREDIT ]
What really happened in this match?
Wolo.gg analyzes every decision: build order, eco, micro, common mistakes by bracket. Personalized analysis on WhatsApp or Discord in 30 seconds.
Civ guide
Persians
Perfil
Cristoram